 Dungeon Crawl Stone Soup version 0.29-a0-962-gc8bbfd0a37 (webtiles) character file.

Game seed: 6941998428407603654

1057 wav31355 the Covered (level 8, -5/64 HPs)
             Began as a Barachi Fighter on July 30, 2022.
             Was a Believer of Dithmenos.
             Killed from afar by an electric eel (10 damage)
             ... with a bolt of electricity
             ... on level 5 of the Dungeon.
             The game lasted 00:36:50 (4095 turns).

wav31355 the Covered (Barachi Fighter)              Turns: 4095, Time: 00:36:52

Health: -5/64      AC:  7    Str: 19    XL:     8   Next: 27%
Magic:  8/8        EV: 15    Int:  8    God:    Dithmenos [**....]
Gold:   136        SH:  5    Dex: 16    Spells: 7/7 levels left

rFire   . . .      SeeInvis .   s - +8 trident "Earthworm" {speed, rPois Int+4 Dex-2}
rCold   . . .      Faith    .   c - +0 buckler
rNeg    . . .      Spirit   .   m - +1 leather armour of Ufaexiac {Int-4 Dex+5}
rPois   +          Reflect  .   (no helmet)
rElec   .          Harm     .   (no cloak)
rCorr   +          Rampage  .   o - +1 pair of gloves
Will    .....                   (no boots)
Stlth   +.........              i - amulet of regeneration
HPRegen 1.00/turn               l - ring of resist corrosion
MPRegen 0.11/turn               q - +4 ring of evasion

@: wreathed by umbra, slow
A: amphibious, slowness 1, strong legs 1, +LOS
a: Hop, Renounce Religion, Shadow Step


You were on level 5 of the Dungeon.
You worshipped Dithmenos.
Dithmenos was pleased with you.
You visited 1 branch of the dungeon, and saw 5 of its levels.

You collected 314 gold pieces.
You spent 178 gold pieces at shops.

Inventory:

Hand Weapons
 n - the +9 dagger "Paageha" {venom, rC- Will+ Str+3 SInv}
   (You found it on level 3 of the Dungeon)

   It poisons the flesh of those it strikes.
   Str:       It affects your strength (+3).
   rC:        It makes you vulnerable to cold.
   SInv:      It lets you see invisible.
   Will:      It increases your willpower.
 s - the +8 trident "Earthworm" (weapon) {speed, rPois Int+4 Dex-2}
   (You bought it in a shop on level 4 of the Dungeon)

   Attacks with this weapon are significantly faster.
   Int:       It affects your intelligence (+4).
   Dex:       It affects your dexterity (-2).
   rPois:     It protects you from poison.
Missiles
 k - 8 poisoned darts (quivered)
Armour
 b - a +0 scale mail
 c - a +0 buckler (worn)
 m - the +1 leather armour of Ufaexiac (worn) {Int-4 Dex+5}
   (You found it on level 2 of the Dungeon)

   Int:       It affects your intelligence (-4).
   Dex:       It affects your dexterity (+5).
 o - a +1 pair of gloves (worn)
 t - a +0 plate armour
Jewellery
 i - an amulet of regeneration (around neck)
 l - a ring of resist corrosion (left hand)
 q - a +4 ring of evasion (right hand)
 u - a ring of fire
Wands
 a - a wand of mindburst (8)
 v - a wand of flame (6)
Scrolls
 e - 4 scrolls of blinking
 g - 4 scrolls of identify
Potions
 d - 5 potions of might
 f - 2 potions of heal wounds
 h - a potion of haste
 j - 2 potions of attraction
 p - a potion of berserk rage
 r - 2 potions of curing {unknown}


   Skills:
 + Level 5.9 Fighting
 * Level 6.2 Polearms
 + Level 6.5 Armour
 - Level 0.5 Dodging
 + Level 5.4 Shields


You had 7 spell levels left.
You didn't know any spells.
Your spell library contained the following spells:

 Spells                   Type           Power      Damage    Failure   Level
 Freeze                   Ice            0%         1d3       54%         1
 Sublimation of Blood     Necr           0%         N/A       69%         2
 Gell's Gravitas          Tloc           0%         N/A       89%         3
 Ozocubu's Armour         Ice            0%         N/A       89%         3
 Teleport Other           Tloc           0%         N/A       89%         3
 Hailstorm                Conj/Ice       0%         3d3       100%        4
 Ice Form                 Ice/Tmut       0%         N/A       100%        4
 Petrify                  Tmut/Erth      0%         N/A       100%        4
 Irradiate                Conj/Tmut      0%         3d11      100%        5
 Dispersal                Tloc           0%         N/A       100%        6
 Simulacrum               Ice/Necr       0%         N/A       100%        6
 Ozocubu's Refrigeration  Ice            0%         4d5       100%        7


Dungeon Overview and Level Annotations

Branches:
Dungeon (5/15)             Temple (0/1) D:4

Altars:
Dithmenos
Sif Muna
Trog

Shops:
D:4 *?(:*   D:5 !

Annotations:
D:5 1 transporter


Innate Abilities, Weirdness & Mutations

You are amphibious.
You cover ground slowly.
You can hop short distances.
You have an extended range of vision and can be seen from far away.


Message History

You see here a +0 flail.
There is a transporter here.
There is a transporter here.
You enter the transporter and appear at another place.
v - a wand of flame (6) Blink to where?
Press: ? - help, Dir - move target
Okay, then.
You open the door.
Reach: s) +8 trident "Earthworm" {speed, rPois Int+4 Dex-2}
Press: ? - help, Dir - move target, f - electric eel
Aim: an electric eel (umbra, fire blocked by a translucent stone wall, about 42% to evade the +8 trident "Earthworm")
You can't get through.
Okay, then.
The electric eel shoots out a bolt of lightning at you!
The bolt of electricity hits you!
The bolt of electricity hits the plant!
The plant begins to die.
The bolt of electricity hits the plant!
The electric eel shoots out a bolt of lightning at you!
The bolt of electricity hits you! The bolt of electricity misses you.
The bolt of electricity misses the electric eel.
The electric eel shoots out a bolt of lightning at you!
The bolt of electricity hits you! x2
* * * LOW HITPOINT WARNING * * *
The bolt of electricity hits the electric eel.
The electric eel completely resists.
There is an open door here.
Reach: s) +8 trident "Earthworm" {speed, rPois Int+4 Dex-2}
Press: ? - help, Dir - move target, f - electric eel
Aim: an electric eel (umbra, about 42% to evade the +8 trident "Earthworm")
You reach to attack!
You closely miss the electric eel.
The electric eel shoots out a bolt of lightning at you!
The bolt of electricity hits you.
* * * LOW HITPOINT WARNING * * *
The bolt of electricity hits you!
* * * LOW HITPOINT WARNING * * *
The bolt of electricity hits the plant!
The plant begins to die.
The bolt of electricity hits the plant!
The electric eel shoots out a bolt of lightning at you!
The bolt of electricity misses you. The bolt of electricity hits you!
You die...

#............>#### *,,,,,,,,
#.......####.###.# *,***,***
#.......# #.....# *,,,,,* *
*##.......########.# *****##**
#........))........# *,..,,,
#.###############..#####.###**
*#.#8P#≈≈≈≈≈SS#P8#...........,,
*#..#..#P≈≈≈P..#..#..##....###**
#..©#©$+≈≈≈⌠≈..@.©#©.......#
#...#..#≈≈≈≈≈..#..#.).....##
*#.#.#8P#≈≈≈≈≈SS#P8#.##....#*****
*..#.###############.#*........,,
*,**,............).).#*########*,
*,******############## *,,,≈,,,*,
,,,* *,,≈,≈,,*, **,************
*,≈,,,≈,,, *,,,,,,,,,,,,,*
*≈,,∩,,≈,,


You could see 4 electric eels.

Vanquished Creatures
  Duvessa (D:5)
  2 black bears
  3 phantoms
  Blork the orc (D:4)
  A scorpion (D:4)
  Dowan (D:5)
  A jelly (D:5)
  A hound (D:4)
  3 orc priests
  2 iguanas (D:4)
  An orc wizard (D:5)
  Robin (D:3)
  A gnoll (D:3)
  2 adders
  A white imp (D:3)
  2 worms
  3 dart slugs
  6 orcs (D:5)
  4 endoplasms
  4 giant cockroaches
  14 goblins
  13 hobgoblins
  4 jackals (D:5)
  3 kobolds
  3 quokkas
  6 ball pythons
  5 bats
  5 frilled lizards
  4 rats
98 creatures vanquished.

Vanquished Creatures (others)
  4 plants (D:3)
4 creatures vanquished.

Grand Total: 102 creatures vanquished

Notes
Turn   | Place    | Note
-------+----------+-------------------------------------------
     0 | D:1      | wav31355 the Barachi Fighter began the quest for the Orb.
     0 | D:1      | Reached XP level 1. HP: 18/18 MP: 1/1
   355 | D:1      | Reached XP level 2. HP: 25/25 MP: 2/2
   721 | D:1      | Reached XP level 3. HP: 30/30 MP: 3/3
  1170 | D:2      | Identified the +1 leather armour of Ufaexiac {Int-4 Dex+5}
  1560 | D:2      | Reached XP level 4. HP: 28/37 MP: 4/4
  1774 | D:3      | Identified the +9 dagger "Paageha" {venom, rC- Will+ Str+3
                  | SInv}
  1821 | D:3      | Found a bloodstained altar of Trog.
  1821 | D:3      | Noticed Robin
  1851 | D:3      | Killed Robin
  1868 | D:3      | Found a shimmering blue altar of Sif Muna.
  1873 | D:3      | Got Sif Muna's Vademecum on the Glacier
  1904 | D:3      | Reached XP level 5. HP: 42/42 MP: 5/5
  2055 | D:3      | Noticed a black bear
  2065 | D:3      | Killed a black bear
  2066 | D:3      | Reached skill level 5 in Armour
  2417 | D:3      | Reached XP level 6. HP: 49/49 MP: 6/6
  2513 | D:3      | Found a faded altar of an unknown god.
  2527 | D:3      | Prayed at the altar of an unknown god.
  2527 | D:3      | Became a worshipper of Dithmenos the Shadowed
  2527 | D:3      | Reached * piety under Dithmenos
  2891 | D:4      | Found a staircase to the Ecumenical Temple.
  2989 | D:4      | Found Mioch's Overcharged Wands.
  3088 | D:4      | Found Asketadd's Book Shoppe.
  3092 | D:4      | Found Vazxik's Magic Scroll Shoppe.
  3093 | D:4      | Found Gampole's General Store.
  3096 | D:4      | Found Puloxt's Antique Weapon Shoppe.
  3117 | D:4      | Bought a polished trident for 178 gold pieces
  3117 | D:4      | Identified the +8 trident "Earthworm" {speed, rPois Int+4
                  | Dex-2} (You bought it in a shop on level 4 of the Dungeon)
  3426 | D:4      | Reached XP level 7. HP: 51/55 MP: 7/7
  3535 | D:4      | Reached skill level 5 in Fighting
  3612 | D:4      | Noticed Blork the orc
  3619 | D:4      | Killed Blork the orc
  3620 | D:4      | Reached skill level 5 in Polearms
  3667 | D:5      | Entered Level 5 of the Dungeon
  3678 | D:5      | Found Wemi's Distillery.
  3939 | D:5      | Reached skill level 5 in Shields
  3976 | D:5      | Found a transporter.
  3991 | D:5      | Found a transporter.
  3996 | D:5      | Reached ** piety under Dithmenos
  4001 | D:5      | Reached XP level 8. HP: 63/63 MP: 8/8
  4037 | D:5      | Noticed Duvessa
  4037 | D:5      | Noticed Dowan
  4056 | D:5      | Killed Duvessa
  4066 | D:5      | Killed Dowan
  4095 | D:5      | Killed from afar by an electric eel

Illustrated notes

Levels and vault maps discovered:
D:1:      eino_arrival_cavern_d, layout_loops_ring, serial_rivers,
          chequers_serial_rivers_micro_e, chequers_serial_rivers_large_a,
          chequers_serial_rivers_micro_a, chequers_serial_rivers_small_b
D:2:      layout_rooms
D:3:      wad_lake_hut, layout_basic, nzn_overflow_gifts_of_might_and_magic,
          shapermc_ecumenical_altar_pompeii, minmay_misc_feat_four_crosses,
          uniq_robin
D:4:      layout_gridville, minmay_temple_entry_proselytizer,
          minmay_shop_grid_forest, nicolae_shop_overcharged_wands,
          uniq_blork_the_orc
D:5:      gammafunk_steamed_eel, layout_basic, okawaru_altar_gauntlet_db,
          serial_shops, nicolae_shop_crystal, nicolae_diamond_shop,
          kennysheep_generic_room_12, uniq_duvessa

Skill      XL: |  1  2  3  4  5  6  7  8 |
---------------+-------------------------+-----
Fighting       | 4 5 |  5.9
Armour         | 4 5 6 |  6.5
Polearms       | 3 4 5 6 |  6.2
Shields        | 4 5 |  5.4
Dodging        | |  0.5

Action                   |  1- 3 |  4- 6 |  7- 9 || total
-------------------------+-------+-------+-------++-------
Melee: Trident           |   148 |    48 |    72 ||   268
       Dagger            |       |    64 |       ||    64
  Use: Scroll            |     5 |     3 |     1 ||     9
 Stab: Sleeping          |       |       |     1 ||     1
Armor: Scale mail        |    64 |    23 |       ||    87
       Leather armour    |       |     6 |     6 ||    12
Dodge: Dodged            |    46 |    51 |    27 ||   124
Block: Buckler           |    22 |    13 |     8 ||    43

Table legend: (Time is in decaauts)
 A = Elapsed time spent in this place.
 B = Non-inter-level travel time spent in this place.
 C = Inter-level travel time spent in this place.
 D = Time resting spent in this place.
 E = Time spent auto-exploring this place.
 F = Levels seen in this place.
 G = Mean time per level.
                   A        B        C        D        E       F      G
               +--------+--------+--------+--------+--------+-----+--------+
         Total |   4764 |   4749 |     15 |    263 |   1295 |   5 |  952.8 |
       Dungeon |   4764 |   4749 |     15 |    263 |   1295 |   5 |  952.8 |
               +--------+--------+--------+--------+--------+-----+--------+

Top non-repeatable levels by time:
     D:3: 1367 daAuts
     D:1: 1344 daAuts
     D:4: 903 daAuts
     D:2: 674 daAuts
     D:5: 474 daAuts
